 Dungeon Crawl Stone Soup version 0.29-a0-284-gf9362112df (webtiles) character file.

Game seed: 6681118003075148241

13 GigaChad the Chopper (level 2, -7/25 HPs)
             Began as a Minotaur Gladiator on Mar 30, 2022.
             Was a Plaything of Xom.
             Mangled by Sigmund
             ... wielding a +0 scythe
              (10 damage)
             ... on level 2 of the Dungeon.
             The game lasted 00:06:34 (1354 turns).

GigaChad the Chopper (Minotaur Gladiator)           Turns: 1354, Time: 00:06:35

Health: -7/25      AC:  5    Str: 18    XL:     2   Next: 24%
Magic:  1/1        EV: 11    Int:  5    God:    Xom [..*...]
Gold:   61         SH:  0    Dex: 11    Spells: 1/1 levels left

rFire   . . .      SeeInvis .   a - +0 war axe
rCold   . . .      Faith    .   (no shield)
rNeg    . . .      Spirit   .   g - +0 ring mail
rPois   .          Reflect  .   c - +0 hat
rElec   .          Harm     .   (no cloak)
rCorr   +          Rampage  .   (no gloves)
Will    .....                   (no boots)
Stlth   +.........              (no amulet)
HPRegen 0.08/turn               j - ring of resist corrosion
MPRegen 0.07/turn               (no ring)

@: no status effects
A: horns 2, retaliatory headbutt
a: Renounce Religion


You were on level 2 of the Dungeon.
You worshipped Xom.
You were a toy of Xom.
You visited 1 branch of the dungeon, and saw 2 of its levels.

You collected 61 gold pieces.

Inventory:

Hand Weapons
 a - a +0 war axe (weapon)
Missiles
 d - 3 throwing nets (quivered)
 e - a javelin
 i - 5 poisoned darts
Armour
 b - a +0 leather armour
 c - a +0 hat (worn)
 f - a +0 pair of boots
 g - a +0 ring mail (worn)
 h - a +0 pair of boots
 k - a +0 pair of gloves
Jewellery
 j - a ring of resist corrosion (left hand)
Scrolls
 l - 3 scrolls of teleportation {unknown}
 m - a scroll of blinking
 n - a scroll of enchant weapon {unknown}


   Skills:
 + Level 2.5 Fighting
 + Level 4.1 Axes
 + Level 2.0 Throwing
 + Level 3.6 Dodging


You had one spell level left.
You didn't know any spells.
Your spell library contained the following spells:

 Spells                   Type           Power      Damage    Failure   Level
 Ensorcelled Hibernation  Hex/Ice        0%         N/A       82%         2
 Passwall                 Tmut/Erth      0%         N/A       82%         2
 Swiftness                Air            0%         N/A       96%         3


Dungeon Overview and Level Annotations

Branches:
Dungeon (2/15)

Altars:
Xom

Annotations:
D:2 Sigmund


Innate Abilities, Weirdness & Mutations

You have a pair of horns on your head.
You reflexively headbutt those who attack you in melee.


Message History

The dart slug launches a dart at you. The slug dart misses you.
You hit the dart slug. Your headbutt misses the dart slug.
The dart slug is lightly wounded.
The dart slug bites you but does no damage.
You hit the dart slug.
The dart slug is moderately wounded.
The dart slug launches a dart at you. The slug dart misses you.
You slash the dart slug!
You kill the dart slug!
You see here a dart slug corpse.
Found 6 gold pieces.
You now have 61 gold pieces (gained 6).
Found a scroll of blinking.
Found a stone staircase leading down.
m - a scroll of blinking
Found a scroll labelled ICUMNE RULINO.
n - a scroll labelled ICUMNE RULINO
There is a stone staircase leading down here.
There is a stone staircase leading down here.
Sigmund the Dreaded comes into view.
He is wielding a +0 scythe, wearing a +2 robe of fire resistance and carrying a wand of flame (23).
Found a wand of flame (13).
Sigmund shouts!
Sigmund barely misses you.
Sigmund gestures wildly while chanting.
Sigmund flickers and vanishes!
Deactivating autopickup; reactivate with Ctrl-A.
Autopickup is now on.
Something hits you.
Deactivating autopickup; reactivate with Ctrl-A.
You barely miss something. Your headbutt misses something. Something hits you.
You hit something. Something hits you!
* * * LOW HITPOINT WARNING * * *
You closely miss something. Your headbutt misses something.
You hit something but do no damage. Something barely misses you.
You miss something. Something hits you.
* * * LOW HITPOINT WARNING * * *
You miss something. Something hits you!
You die...

##.###.# #.# #.# .#
#.# #.### .## #.#
#.#.. ...### #.#
#.#.###.....
##.###.#.#...#.#
#....#.#... ...
####.#.#.###.#.##.#
#.....>..{@........
###....#.###.#.##.#
#...##.# .#
#...##.# ..
#...##.# ##.
#...#./. ..
#.#.#######.#.#
###..............
#...........#.#


There were no monsters in sight!

Vanquished Creatures
  A dart slug (D:2)
  A ball python (D:1)
  2 goblins (D:1)
  A hobgoblin (D:1)
  2 bats (D:1)
  A frilled lizard (D:1)
  A kobold (D:1)
  3 rats (D:1)
12 creatures vanquished.

Notes
Turn   | Place    | Note
-------+----------+-------------------------------------------
     0 | D:1      | GigaChad the Minotaur Gladiator began the quest for the
                  | Orb.
     0 | D:1      | Reached XP level 1. HP: 18/18 MP: 0/0
   486 | D:1      | Reached XP level 2. HP: 21/25 MP: 1/1
   754 | D:1      | Reached skill level 4 in Axes
  1157 | D:2      | Found a faded altar of an unknown god.
  1174 | D:2      | Prayed at the altar of an unknown god.
  1174 | D:2      | Became a worshipper of Xom of Malicious Giggling
  1343 | D:2      | Noticed Sigmund
  1354 | D:2      | Mangled by Sigmund

Illustrated notes

Levels and vault maps discovered:
D:1:      beargit_arrival_diablo_church, layout_basic
D:2:      layout_basic, shapermc_ecumenical_altar_notcrosses, uniq_sigmund

Skill      XL: |  1  2 |
---------------+-------+-----
Axes           | 4 |  4.1
Fighting       | |  2.5
Throwing       | |  2.0
Dodging        | |  3.6

Action                   || total
-------------------------++-------
Melee: War axe           ||    37
       Headbutt          ||     3
  Use: Scroll            ||     1
Armor: Ring mail         ||    11
       Leather armour    ||     4
Dodge: Dodged            ||    27

Table legend: (Time is in decaauts)
 A = Elapsed time spent in this place.
 B = Non-inter-level travel time spent in this place.
 C = Inter-level travel time spent in this place.
 D = Time resting spent in this place.
 E = Time spent auto-exploring this place.
 F = Levels seen in this place.
 G = Mean time per level.
                   A        B        C        D        E       F      G
               +--------+--------+--------+--------+--------+-----+--------+
         Total |   1367 |   1367 |      0 |      0 |      0 |   2 |  683.5 |
       Dungeon |   1367 |   1367 |      0 |      0 |      0 |   2 |  683.5 |
               +--------+--------+--------+--------+--------+-----+--------+

Top non-repeatable levels by time:
     D:1: 930 daAuts
     D:2: 437 daAuts
